 Dungeon Crawl Stone Soup version 0.30.0-30-g96aa6591b8 (webtiles) character file.

Game seed: 17010648331495663622

23 Dadi the Conjurer (level 2, -11/15 HPs)
             Began as a Deep Elf Conjurer on June 27, 2023.
             Killed from afar by Sigmund (13 damage)
             ... with a puff of flame
             ... on level 1 of the Dungeon.
             The game lasted 00:02:09 (1094 turns).

Dadi the Conjurer (Deep Elf Conjurer)               Turns: 1094, Time: 00:02:09

Health: -11/15     AC:  2    Str:  4    XL:     2   Next: 72%
Magic:  8/8        EV: 12    Int: 22    God:
Gold:   18         SH:  0    Dex: 13    Spells: 7/8 levels left

rFire   . . .        (no weapon)
rCold   . . .        (no shield)
rNeg    . . .        a - +0 robe
rPois   .            (no helmet)
rElec   .            (no cloak)
rCorr   .            (no gloves)
SInv    .            (no boots)
Will    .....        (no amulet)
Stlth   ++           (no ring)
HPRegen 0.22/turn    (no ring)
MPRegen 0.11/turn

%: no passive effects
@: no status effects
A: no striking features
a: no special abilities


You were on level 1 of the Dungeon.
You visited 1 branch of the dungeon, and saw 2 of its levels.

You collected 18 gold pieces.

Inventory:

Armour
 a - a +0 robe (worn)
Scrolls
 c - a scroll of summoning
 e - a scroll of identify {unknown}
Potions
 b - a potion of magic
 d - a potion of cancellation {unknown}
 f - 2 potions of ambrosia {unknown}
 g - a potion of resistance {unknown}
 h - a potion of mutation {unknown}


   Skills:
 - Level 2.4 Dodging
 - Level 2.4 Stealth
 + Level 3.9 Spellcasting
 + Level 4.9 Conjurations


You had 7 spell levels left.
You knew the following spells:

 Your Spells              Type           Power      Damage    Failure   Level
a - Magic Dart            Conj           100%       1d8       1%          1

Your spell library contained the following spells:

 Spells                   Type           Power      Damage    Failure   Level
 Searing Ray              Conj           50%        2d6       2%          2
 Dazzling Flash           Conj/Hex       30%        N/A       12%         3
 Fulminant Prism          Conj/Hex       7%         3d7       38%         4
 Iskenderun's Mystic Bla  Conj/Tloc      15%        2d5       38%         4


Dungeon Overview and Level Annotations

Branches:
Dungeon (2/15)

Altars:

Shops:
D:1 :

Annotations:
D:1 Sigmund


Message History

Confirm with . or Enter, or press ? or * to list all spells.
Okay, then.
As you read the scroll labelled CATTUCVEUXT, it crumbles to dust.
Wisps of shadow whirl around you...
It was a scroll of summoning.
Sigmund attacks as you move away! Sigmund hits you with a +0 scythe!
Ouch! That really hurt!
Sigmund barely misses you.
Your endoplasm barely misses Sigmund.
Your frilled lizard barely misses Sigmund.
Your endoplasm freezes Sigmund.
Sigmund is frozen.
Your goblin smiles happily.
Your goblin hits Sigmund with a +0 dagger.
Sigmund hits your frilled lizard with a +0 scythe.
Your endoplasm barely misses Sigmund.
Your frilled lizard barely misses Sigmund.
Your goblin barely misses Sigmund.
Sigmund gestures at you while chanting.
The magic dart hits your frilled lizard.
Your frilled lizard dies!
Your frilled lizard's corpse dissolves into shadows!
Your endoplasm closely misses Sigmund.
Your goblin barely misses Sigmund.
Your endoplasm freezes Sigmund.
Sigmund is frozen.
Your goblin hits Sigmund with a +0 dagger.
Your goblin barely misses Sigmund.
Sigmund is nearby!
You enter the shallow water.
Moving in this stuff is going to be slow.
Sigmund points at you and mumbles some strange words.
The puff of flame hits you!
Ouch! That really hurt!
* * * LOW HITPOINT WARNING * * *
Your endoplasm freezes Sigmund.
Sigmund is frozen.
You enter the shallow water.
Moving in this stuff is going to be slow.
Sigmund casts a spell at you. The puff of flame hits you!
Ouch! That really hurt!
You die...

......# #.# #.##.#
###.## ....### #.#
#.##.# #...# ...)#
#.# #.##.# ##.###
....# #######.##.#
#..# #####
#≈≈≈≈≈≈≈...####.##
#≈#≈≈≈≈≈........#
##≈≈≈≈≈~.####.#
##≈≈~≈≈..# #.#
#####~~.§@.# #.#
#.#.~~§§~~.#
#.########
#.#..§~~≈..#
#........#
###.#@.≈.~~..#
########.#
#...J..~~~~..# #.#
#.#.#...~≈~[.# #.#
#.#.#.~.≈~≈~.#
########.#
#.#.#..≈~≈~~.#
#........#
#.#....~~.~~.#
#.########


You could see a friendly endoplasm (summoned).

Vanquished Creatures
  A dart slug (D:1)
  2 bats (D:1)
  3 endoplasms (D:1)
  A giant cockroach (D:1)
  2 goblins (D:1)
  3 jackals (D:1)
  A kobold (D:1)
  4 ball pythons (D:1)
17 creatures vanquished.

Notes
Turn   | Place    | Note
-------+----------+-------------------------------------------
     0 | D:1      | Dadi the Deep Elf Conjurer began the quest for the Orb.
     0 | D:1      | Reached XP level 1. HP: 10/10 MP: 6/6
   208 | D:1      | Reached XP level 2. HP: 15/15 MP: 5/8
   396 | D:1      | Found Tipapyz's Book Shop.
  1067 | D:2      | Noticed Sigmund
  1094 | D:1      | Killed from afar by Sigmund

Illustrated notes

Levels and vault maps discovered:
D:1:      nicolae_arrival_washed_ashore, layout_loops_ring, serial_shops,
          nicolae_shop_tiny_real_fake_doors, minmay_misc_feat_more_columns,
          minmay_tree_intersection, chequers_serial_rivers_large_a
D:2:      layout_basic, basic_altar, uniq_sigmund

Action                     || total
---------------------------++-------
   Cast: Magic Dart        ||    37
    Use: Scroll            ||     1
 Armour: Robe              ||     4
  Dodge: Dodged            ||    17
